Map: Polka LE

Players

qqq

  • Race: Zerg Zerg
  • Spawn Location: 11:00

Massa

  • Race: Terran Terran
  • League: Platinum
  • Spawn Location: 11:00

jffun - Winner!

  • Race: Terran Terran
  • League: Diamond
  • Spawn Location: 5:00

AlexT - Winner!

  • Race: Protoss Protoss
  • Spawn Location: 5:00

VOD

Have the link to the VOD?

Description

Time

  • Played on: March 8, 2021, 3:56 p.m.
  • Length: 22:15
Show
View Real Time Build Order
Export as new Build Order

qqq Zerg 

Build Orders: Hatch First, Muta Ling Bane 

Get SALT Encoding   

  12  0:02  Drone  
  13  0:08  Drone  
  14  0:18  Overlord  
  14  0:49  Hatchery  
  13  0:53  Drone  
  13  0:54  Drone  
  13  0:56  Drone  
  16  1:04  Extractor  
  15  1:19  Spawning Pool  
  14  1:29  Extractor  
  14  1:44  Drone  
  14  1:45  Drone x2  
  17  2:01  Drone  
  17  2:02  Drone  
  17  2:06  Queen x2  
  23  2:10  Drone  
  24  2:19  Drone x2  
  25  2:28  Metabolic Boost  
  25  2:31  Drone  
  26  2:37  Overlord  
  26  2:38  Drone  
  27  2:50  Drone  
  27  2:51  Overlord  
  28  2:55  Drone  
  30  2:58  Drone  
  30  3:01  Drone  
  31  3:11  Drone  
  32  3:16  Zergling x8  
  37  3:20  Zergling x2, Overlord  
  37  3:21  Zergling x2  
  38  3:35  Zergling x4  
  38  3:40  Lair  
  41  3:41  Drone x2  
  41  3:45  Extractor  
  41  3:46  Extractor  
  40  3:51  Drone x2, Extractor  
  41  3:56  Drone  
  41  4:01  Drone  
  43  4:05  Drone  
  44  4:13  Spore Crawler  
  44  4:15  Spore Crawler  
  42  4:44  Spire  
  42  4:45  Drone  
  38  5:02  Hatchery  
  37  5:07  Drone x3  
  37  5:08  Drone x6  
  37  5:11  Zergling x2  
  37  5:13  Zergling x2  
  48  5:16  Drone  
  49  5:23  Drone  
  49  5:24  Drone  
  49  5:28  Hatchery  
  46  5:38  Hatchery  
  46  5:39  Drone x5  
  46  5:40  Drone x2  
  52  6:08  Overlord x5  
  52  6:09  Overlord x3  
  52  6:20  Baneling Nest  
  52  6:21  Mutalisk x2  
  52  6:22  Corruptor  
  57  6:25  Zerg Flyer Weapons Level 1  
  57  6:32  Drone x2, Infestation Pit  
  58  6:36  Mutalisk  
  60  6:40  Corruptor  
  60  6:46  Queen  
  64  6:52  Zergling x4  
  64  6:53  Drone x2  
  68  6:55  Mutalisk  
  68  6:57  Drone  
  71  7:05  Drone x3  
  71  7:06  Drone x2  
  71  7:08  Drone x2  
  77  7:10  Drone  
  77  7:12  Drone  
  80  7:21  Spire  
  79  7:23  Hive  
  79  7:30  Drone, Corruptor  
  79  7:33  Corruptor  
  84  7:37  Corruptor  
  84  7:40  Corruptor  
  88  7:48  Spine Crawler  
  87  7:56  Zergling x6  
  87  7:57  Corruptor x2  
  93  8:07  Drone x4  
  93  8:08  Drone  
  93  8:11  Extractor  
  97  8:13  Spine Crawler x2  
  97  8:14  Drone x3, Extractor  
  97  8:15  Drone x3  
  97  8:18  Centrifical Hooks  
  100  8:25  Zerg Flyer Armor Level 1  
  100  8:29  Baneling  
  100  8:30  Baneling  
  100  8:33  Baneling  
  100  8:35  Baneling  
  100  8:36  Baneling  
  100  8:39  Baneling  
  100  8:43  Overlord x2  
  100  8:44  Zergling x12  
  100  8:45  Zergling x10  
  100  8:46  Zergling x8  
  115  8:57  Corruptor  
  115  8:58  Zergling x6  
  115  9:00  Baneling  
  115  9:01  Baneling x4  
  119  9:14  Corruptor  
  119  9:15  Zergling x6  
  119  9:16  Zergling x4  
  122  9:27  Zergling x8  
  122  9:28  Zergling x4  
  125  9:41  Spine Crawler  
  125  9:43  Spine Crawler  
  121  9:55  Mutalisk x3  
  121  9:56  Mutalisk, Corruptor  
  131  10:01  Zergling x8  
  131  10:02  Zergling x12  
  131  10:06  Spine Crawler  
  140  10:08  Spine Crawler, Queen  
  140  10:21  Corruptor x2  
  125  10:22  Zergling x6  
  110  10:38  Mutalisk x2  
  110  10:40  Drone x3, Zergling x4  
  110  10:41  Drone x3  
  121  10:49  Drone x2  
  119  10:54  Zergling x6  
  111  11:04  Corruptor  
  111  11:05  Corruptor x2  
  111  11:07  Drone x2  
  111  11:08  Drone x3  
  122  11:17  Drone x4, Spine Crawler  
  122  11:18  Drone x2  
  127  11:23  Drone x2  
  127  11:24  Overlord  
  129  11:26  Zerg Flyer Armor Level 2  
  129  11:29  Zerg Flyer Weapons Level 2  
  129  11:39  Extractor  
  128  11:40  Spore Crawler  
  128  11:41  Extractor, Corruptor  
  128  11:42  Corruptor  
  128  11:43  Spore Crawler  
  128  11:44  Drone x3  
  128  11:45  Drone x2, Zergling x4  
  128  11:46  Zergling x2  
  137  11:54  Spine Crawler  
  137  11:55  Spine Crawler  
  137  11:59  Queen  
  137  12:14  Baneling x8  
  137  12:15  Mutalisk x3  
  137  12:19  Drone x4  
  137  12:20  Drone x3  
  150  12:29  Overlord  
  150  12:30  Overlord x7  
  150  12:37  Baneling x12  
  150  12:38  Baneling x4  
  150  12:51  Mutalisk x2  
  154  13:07  Mutalisk x2  
  154  13:08  Corruptor  
  154  13:10  Zergling x14  
  154  13:11  Zergling x4  
  131  13:38  Corruptor x5  
  136  13:45  Zergling x24  
  136  13:46  Zergling x2  
  143  13:59  Corruptor x3  
  143  14:00  Zergling x2  
  143  14:01  Zergling x2  
  143  14:02  Zergling x6  
  123  14:18  Mutalisk x2  
  123  14:19  Corruptor  
  123  14:20  Zergling x4  
  123  14:21  Zergling x8  
  118  14:30  Extractor  
  117  14:32  Extractor  
  117  14:34  Corruptor x3  
  114  14:46  Hatchery  
  114  14:48  Spore Crawler  
  114  14:49  Spore Crawler x2  
  114  14:50  Drone x2  
  114  14:51  Queen, Spore Crawler  
  112  14:52  Spore Crawler  
  97  15:06  Corruptor x2  
  97  15:07  Corruptor x4  
  106  15:20  Corruptor x3  
  106  15:21  Corruptor  
  100  15:30  Corruptor x2  
  90  15:42  Corruptor x2  
  82  15:49  Corruptor  
  86  15:51  Drone x6  
  86  15:52  Drone x3  
  87  16:00  Corruptor  
  86  16:10  Mutalisk  
  64  16:11  Zergling x4  
  64  16:13  Zergling x2  
  55  16:34  Spine Crawler  
  55  16:36  Spine Crawler x2, Mutalisk x2  
  53  16:44  Zergling x2  
  50  16:57  Hatchery  
  50  16:58  Hatchery  
  50  16:59  Hatchery  
  31  17:06  Hatchery  
  31  17:07  Zergling x4  
  32  17:14  Hatchery  
  31  17:27  Hatchery  
  25  17:39  Mutalisk x2  
  28  17:47  Drone  
  29  17:54  Drone  
  30  18:05  Drone  
  30  18:13  Drone x4  
  34  18:25  Zergling x8  
  36  18:46  Drone x4  
  36  18:47  Drone  
  41  18:53  Drone  
  42  18:57  Drone  
  43  19:09  Drone x2  
  45  19:25  Drone x3  
  48  19:44  Zergling x6  
  48  19:45  Zergling x6  
  54  20:11  Zergling x10  
  54  20:12  Zergling x2  
  60  20:14  Mutalisk x4  
  60  20:16  Zergling x2  
  60  20:17  Zergling x2  
  68  20:28  Mutalisk x2  
  68  20:29  Zergling x4  
  65  21:18  Drone x4  
  60  21:19  Drone  
  60  21:20  Drone x6  
  60  21:24  Drone x3, Extractor x2  
  67  21:32  Mutalisk x2  
Show
View Real Time Build Order
Export as new Build Order

Massa Terran 

Build Orders: 2 Factory, Gas First Reaper Expand 

Get SALT Encoding   

  12  0:00  SCV  
  13  0:13  SCV  
  14  0:25  SCV, Supply Depot  
  15  0:30  Refinery  
  15  0:46  SCV  
  15  0:47  Barracks  
  16  0:58  SCV  
  17  1:11  SCV  
  18  1:23  SCV  
  19  1:37  Supply Depot  
  19  1:41  Orbital Command  
  19  1:48  Command Center  
  19  1:53  Reaper  
  20  2:06  Factory  
  20  2:10  Refinery  
  20  2:13  SCV  
  21  2:25  SCV, Marine  
  23  2:37  SCV  
  24  2:49  SCV  
  25  3:00  Factory  
  25  3:01  SCV  
  26  3:06  Factory Tech Lab  
  26  3:07  Barracks Reactor  
  26  3:09  Orbital Command  
  26  3:10  Refinery  
  26  3:13  SCV  
  27  3:25  SCV  
  29  3:48  SCV x2  
  29  3:50  Marine x2  
  29  3:52  Factory Tech Lab  
  29  3:53  Cyclone  
  35  4:00  SCV  
  36  4:07  Supply Depot  
  36  4:09  Engineering Bay, Supply Depot  
  36  4:10  Supply Depot  
  33  4:21  Cyclone  
  33  4:23  Mag-Field Accelerator  
  36  4:25  Cyclone  
  37  4:45  SCV x2  
  39  4:53  Cyclone  
  39  4:56  Missile Turret  
  39  4:57  SCV x2  
  44  5:03  Cyclone  
  47  5:11  SCV x2, Missile Turret  
  47  5:14  Marine x2  
  51  5:23  SCV x2  
  51  5:25  Cyclone  
  56  5:54  Siege Tank  
  56  5:56  Marine x2  
  61  5:57  SCV x2  
  63  6:09  SCV x2  
  65  6:12  Command Center  
  65  6:14  Marine, Terran Infantry Weapons Level 1  
  66  6:20  Barracks x2  
  66  6:21  SCV  
  66  6:22  SCV  
  66  6:24  Barracks  
  68  6:30  Starport  
  68  6:33  SCV  
  68  6:34  Engineering Bay  
  69  6:41  Supply Depot  
  69  6:54  Command Center  
  69  7:05  Supply Depot  
  69  7:13  Siege Tank x2  
  69  7:14  SCV x2  
  77  7:23  Planetary Fortress  
  77  7:26  SCV  
  77  7:29  SCV, Supply Depot  
  79  7:31  Refinery  
  79  7:34  Terran Infantry Armor Level 1  
  79  7:36  Barracks Reactor, Barracks Tech Lab x2  
  79  7:37  Marine x2  
  79  7:38  SCV  
  79  7:41  SCV  
  83  7:53  Supply Depot  
  83  7:55  Marine  
  84  7:59  SCV x2  
  84  8:00  SCV  
  87  8:11  SCV  
  87  8:12  SCV  
  89  8:19  SCV x2  
  91  8:23  SCV  
  91  8:24  SCV  
  91  8:25  Siege Tank x2  
  91  8:27  Marauder x2, Marine x4  
  103  8:31  SCV x2  
  103  8:33  Barracks  
  109  8:36  SCV, Barracks  
  110  8:42  Barracks  
  110  8:44  Marine  
  110  8:48  Marauder  
  113  8:49  Medivac  
  115  8:57  Refinery, Siege Tank  
  115  9:00  Marauder, Marine x3  
  115  9:02  Marine  
  123  9:09  Marauder  
  108  9:18  Marine  
  108  9:19  Medivac  
  108  9:22  Missile Turret  
  111  9:25  Marauder, Marine x3  
  111  9:30  Barracks Reactor x2  
  111  9:31  Barracks Tech Lab, Marauder  
  118  9:38  Combat Shield, Stimpack  
  115  9:46  Marauder  
  115  9:52  Marauder  
  119  9:57  Missile Turret  
  119  10:01  Missile Turret  
  119  10:23  Missile Turret  
  114  10:46  Marauder  
  114  10:47  Marauder x2, Marine x8  
  105  10:57  Concussive Shells  
  105  11:00  Siege Tank x2  
  108  11:04  Marine  
  108  11:05  Marine x3  
  108  11:08  Marauder x3  
  118  11:14  Starport Reactor  
  118  11:16  Marine x4  
  122  11:21  SCV x3  
  122  11:22  Marine  
  122  11:23  Marine  
  127  11:29  Marauder x2  
  127  11:32  Refinery  
  131  11:33  SCV  
  131  11:37  Supply Depot  
  131  11:38  Supply Depot x2  
  132  11:40  Armory  
  132  11:42  Armory  
  132  11:55  SCV x3  
  132  11:56  Marauder  
  132  11:58  Siege Tank x2  
  132  12:01  Supply Depot  
  123  12:02  Supply Depot x2  
  123  12:03  Marauder x2, Marine  
  123  12:04  Marine x7  
  123  12:05  Planetary Fortress  
  123  12:07  SCV  
  136  12:16  Sensor Tower  
  136  12:17  Marauder  
  136  12:20  SCV x3, Missile Turret x2  
  136  12:21  Marine x3, Missile Turret  
  136  12:22  Missile Turret  
  144  12:23  Marine  
  144  12:24  Marauder x2, Marine x4  
  144  12:26  Supply Depot  
  144  12:27  Supply Depot  
  144  12:28  Medivac x2, Supply Depot  
  157  12:30  Siege Tank  
  157  12:32  SCV x3  
  157  12:34  Terran Infantry Armor Level 2, Terran Infantry Weapons Level 2  
  163  12:39  Marauder, Marine x3  
  163  12:41  Marine  
  163  12:42  Marine x3  
  172  12:44  SCV  
  172  12:45  Marauder  
  175  12:55  Refinery  
  175  12:56  SCV x4  
  175  12:58  Medivac x2  
  183  13:01  Refinery, Sensor Tower  
  183  13:08  SCV x4, Terran Vehicle And Ship Armor Level 1, Terran Vehicle Weapons Level 1  
  187  13:20  SCV  
  188  13:28  Medivac x2  
  125  13:53  Siege Tank x2  
  125  13:54  Marauder x2  
  125  13:55  Marauder, Marine x4  
  139  13:57  Medivac  
  139  14:01  Marine x4  
  147  14:13  Marine x4  
  147  14:16  Marauder x3  
  149  14:19  Marine x4  
  123  14:25  Siege Tank  
  123  14:30  Marine  
  123  14:31  Marine x3  
  121  14:36  Marine x2  
  121  14:37  Marauder, Marine x4  
  116  14:48  Marine  
  116  14:49  Marine x2  
  101  14:54  Marine x2  
  101  14:55  Marine x3  
  101  14:58  Marine  
  101  14:59  Viking x2  
  103  15:03  Command Center  
  103  15:06  Marine x3  
  88  15:12  Marine x3  
  88  15:13  Marine x2  
  88  15:16  Marine  
  87  15:24  Marine x3  
  90  15:29  Factory, Viking x2  
  90  15:30  Marine x5  
  90  15:32  Terran Infantry Weapons Level 3, Terran Infantry Armor Level 3  
  90  15:34  Marine  
  100  15:36  Factory  
  100  15:42  Marine x3  
  103  15:48  Marine x5  
  108  15:51  Marine  
  89  15:59  Viking  
  89  16:00  Marine x3  
  82  16:06  Marine x5  
  82  16:10  Marine  
  87  16:17  Marine  
  87  16:18  Marine x2  
  86  16:23  Factory Tech Lab, Marine  
  86  16:24  Factory Tech Lab, Marine x4  
  91  16:28  Marine  
  91  16:30  Medivac x2  
  96  16:35  Marine x2  
  96  16:36  Marine, Planetary Fortress  
  96  16:39  SCV x3  
  102  16:41  Marine x2  
  102  16:42  Marine x3  
  102  16:47  Marauder, Thor  
  109  16:51  SCV x3  
  109  16:53  Marine x3  
  121  16:55  Thor  
  121  17:00  Marauder x2, Medivac x2  
  135  17:08  Marauder  
  137  17:25  Marauder x2, Marine x2  
  137  17:29  Marauder, Marine x3  
  148  17:30  Siege Tank  
  148  17:34  Refinery, Supply Depot  
  148  17:35  Supply Depot  
  148  17:36  Refinery, Supply Depot  
  151  17:38  Siege Tank  
  154  17:46  Marauder x2  
  158  17:59  Supply Depot  
  158  18:02  Siege Tank  
  161  18:14  Missile Turret x2  
  134  19:19  Marauder x3, Marine x4  
  134  19:20  Thor x2  
  132  19:35  Command Center  
  93  19:40  Marauder, Marine  
  93  19:41  Marauder x2, Marine x5  
  101  19:58  Marine  
  101  19:59  Marine x5  
  105  20:01  Marauder  
  105  20:02  Marauder x2  
  105  20:03  Command Center, Thor, Siege Tank  
  120  20:16  Marine  
  121  20:23  Marauder x2  
  122  20:35  Thor  
  120  20:37  Command Center  
  126  20:44  Marauder  
  126  20:46  Thor  
  134  20:50  Missile Turret  
  134  21:09  Missile Turret  
  123  21:24  Marine x3  
  121  21:29  Missile Turret  
Show
View Real Time Build Order
Export as new Build Order

jffun Terran - Winner!

Build Orders: Reaper Expand 

Get SALT Encoding   

  12  0:00  SCV  
  13  0:12  SCV  
  14  0:17  Supply Depot  
  14  0:24  SCV  
  15  0:39  SCV  
  15  0:41  Barracks  
  16  0:46  Refinery  
  16  0:51  SCV  
  17  1:03  SCV  
  18  1:22  SCV  
  19  1:37  Orbital Command  
  19  1:40  Reaper  
  20  1:52  Command Center  
  20  2:03  SCV  
  21  2:14  Barracks Reactor  
  21  2:16  SCV  
  22  2:22  Supply Depot  
  22  2:28  Refinery, SCV  
  23  2:32  Barracks  
  23  2:44  SCV  
  23  2:47  Factory  
  23  2:53  Marine  
  23  2:54  Marine  
  23  2:57  SCV  
  26  3:05  Orbital Command  
  26  3:12  Engineering Bay  
  26  3:13  Marine x2  
  26  3:15  Barracks  
  28  3:20  SCV  
  28  3:22  Barracks Tech Lab  
  29  3:30  SCV, Marine  
  29  3:31  Marine  
  29  3:33  Hellion  
  34  3:49  SCV x2  
  36  4:01  Factory Tech Lab, SCV x2  
  36  4:02  Marine x2, Stimpack  
  40  4:04  Barracks Reactor  
  40  4:07  Starport, Terran Infantry Weapons Level 1  
  40  4:13  SCV  
  41  4:17  Supply Depot  
  41  4:22  SCV  
  42  4:25  SCV  
  42  4:26  Marine x2  
  45  4:43  Marine x3  
  45  4:44  Siege Tank  
  51  4:48  Medivac  
  51  4:50  SCV  
  51  4:51  Refinery  
  54  4:52  Refinery  
  54  4:55  SCV  
  48  5:05  SCV  
  48  5:07  SCV, Marine x2  
  48  5:09  Marauder, Marine  
  54  5:14  Supply Depot  
  54  5:15  Supply Depot  
  54  5:16  Supply Depot  
  54  5:29  Starport Reactor  
  54  5:35  Marine  
  54  5:36  SCV x2, Barracks, Siege Tank  
  54  5:39  Barracks  
  54  5:42  Marine x2  
  64  5:43  Marauder  
  64  5:48  SCV x2  
  66  5:50  Marine, Combat Shield  
  66  5:53  Marine  
  68  6:00  SCV x2  
  68  6:01  Terran Infantry Armor Level 1  
  70  6:05  Supply Depot x2  
  70  6:07  Marauder  
  70  6:09  Siege Tank  
  75  6:12  SCV  
  75  6:17  Marine x2  
  78  6:22  Supply Depot  
  78  6:23  Supply Depot  
  78  6:24  Engineering Bay  
  78  6:27  SCV x2  
  78  6:28  Marauder  
  78  6:31  Armory  
  82  6:35  Marine x2  
  82  6:36  Barracks Tech Lab  
  82  6:39  Barracks Reactor, SCV  
  85  7:08  SCV x2, Marine x3  
  87  7:09  Marine x3  
  87  7:10  Medivac x2  
  87  7:11  Siege Tank  
  87  7:15  Supply Depot  
  100  7:17  Supply Depot  
  100  7:20  SCV, Marine x2  
  103  7:25  Terran Infantry Weapons Level 2  
  103  7:27  Marauder x2  
  107  7:38  Marine x2  
  107  7:43  Command Center  
  109  7:49  Marauder  
  111  7:58  Marine x4  
  114  7:59  Marauder  
  114  8:00  Siege Tank  
  114  8:01  Medivac  
  122  8:10  Marauder  
  124  8:20  Marauder, Concussive Shells  
  126  8:53  Supply Depot  
  126  8:54  Marauder, Siege Tank, Marine x7, Supply Depot  
  138  8:58  Supply Depot  
  138  8:59  Supply Depot  
  134  9:12  Marine x5  
  134  9:16  Marauder  
  141  9:26  Siege Tank  
  141  9:29  Marine x2  
  141  9:30  Marauder  
  141  9:44  Marine x2  
  141  9:45  Marine x3  
  142  9:47  Marine x2, Medivac  
  142  9:48  Medivac  
  142  9:51  Marine  
  149  9:58  Siege Tank  
  152  10:02  Marine x3  
  152  10:03  Marauder, Marine  
  152  10:05  Marine x2  
  160  10:08  Factory  
  160  10:09  Marauder  
  160  10:10  Factory  
  160  10:11  Planetary Fortress  
  162  10:18  Barracks  
  162  10:20  Marine x2  
  142  10:25  Marauder  
  137  10:30  Siege Tank  
  116  10:55  Marine x2  
  116  10:56  Marauder x2, Marine x3  
  109  11:01  Marine  
  93  11:12  SCV x2, Marine  
  93  11:13  Marine  
  93  11:14  Marine x3  
  93  11:16  Marine  
  93  11:17  Marauder  
  93  11:18  Factory Tech Lab x2  
  103  11:19  Marine x2  
  103  11:25  Terran Infantry Armor Level 2, Terran Infantry Weapons Level 3  
  105  11:30  Marine x2  
  105  11:31  Marine, Terran Vehicle Weapons Level 1  
  108  11:34  Supply Depot  
  108  11:35  Marauder  
  110  11:41  Refinery  
  110  11:42  Refinery  
  110  11:44  Siege Tank x2  
  110  11:45  Siege Tank  
  110  11:46  Medivac x2  
  123  11:59  Marine x2  
  123  12:00  Marauder, Marine  
  128  12:03  Marine x2  
  128  12:04  Marauder  
  128  12:08  Marine x2  
  134  12:10  SCV x3  
  137  12:17  Marine x3  
  137  12:22  Marauder  
  142  12:24  Siege Tank x2  
  142  12:29  Marine x3  
  151  12:45  Marine x2  
  151  12:46  Marine x5  
  151  12:47  Siege Tank  
  151  12:48  Medivac  
  163  12:56  Siege Tank  
  166  13:04  Marauder  
  168  13:07  Marine x2  
  168  13:08  Marauder  
  79  14:02  Marine x2  
  79  14:03  Marauder, Marine x2  
  79  14:04  Marauder  
  87  14:10  Command Center  
  87  14:11  SCV x3  
  90  14:36  Marine x6  
  90  14:37  Marine x3  
  99  14:39  Siege Tank x3  
  108  14:46  Medivac x2  
  112  14:54  Marine x6  
  112  14:55  Marauder x2  
  112  14:58  Marine  
  120  15:11  Marine x2, Siege Tank x2  
  120  15:12  Marine x4  
  132  15:16  Marauder, Medivac x2  
  132  15:17  Marauder  
  132  15:20  Marine  
  141  15:29  Marine x3  
  141  15:30  SCV x2, Marine x3  
  141  15:31  Orbital Command  
  148  15:38  Marauder x2, Marine  
  148  15:42  SCV x2  
  155  15:47  Marine x2  
  157  15:54  SCV  
  156  15:59  Marauder x2  
  157  16:04  Marine x2  
  157  16:05  Marine x2  
  159  16:21  Marauder x2  
  163  16:38  Marine  
  163  16:39  Marine x6  
  168  16:42  Marauder x2  
  168  16:43  Thor x2  
  168  16:45  Terran Vehicle Weapons Level 2, Terran Infantry Armor Level 3  
  185  16:56  Marine  
  185  16:57  Marine x5  
  189  17:21  Refinery x2  
  189  17:28  Armory  
  189  17:40  Command Center  
  189  17:53  Command Center  
  189  17:56  Missile Turret  
  189  17:58  Missile Turret  
  189  17:59  Missile Turret  
  189  18:00  Missile Turret  
  189  18:11  Command Center  
  189  18:13  Command Center  
  188  18:54  Orbital Command  
  188  19:08  Missile Turret  
  188  19:10  Hi-Sec Auto Tracking  
  187  19:22  Neosteel Armor  
  176  19:44  Command Center  
  176  20:12  Command Center x2  
  176  20:14  Command Center  
  176  20:27  Planetary Fortress  
  169  21:15  Medivac x2  
  171  21:39  Refinery x2  
  168  21:45  Medivac x2  
Show
View Real Time Build Order
Export as new Build Order

AlexT Protoss - Winner!

Build Orders: Oracle Opening 

Get SALT Encoding   

  12  0:01  Probe  
  13  0:16  Pylon  
  13  0:18  Probe (Chrono Boost)  
  14  0:28  Probe (Chrono Boost)  
  15  0:33  Probe (Chrono Boost)  
  16  0:43  Gateway  
  16  0:51  Assimilator  
  16  0:53  Assimilator  
  16  0:59  Pylon  
  16  1:02  Probe (Chrono Boost)  
  18  1:13  Probe (Chrono Boost)  
  18  1:17  Probe (Chrono Boost)  
  19  1:28  Probe  
  20  1:35  Cybernetics Core  
  20  1:40  Probe  
  21  1:52  Probe  
  22  2:04  Probe  
  23  2:12  Stargate  
  23  2:16  Probe, Pylon  
  24  2:28  Nexus  
  24  2:43  Pylon  
  24  2:44  Adept  
  26  2:53  Oracle (Chrono Boost)  
  29  3:00  Probe  
  30  3:11  Forge  
  30  3:12  Probe  
  31  3:16  Pylon  
  31  3:24  Probe, Assimilator  
  31  3:27  Assimilator  
  32  3:43  Probe  
  33  3:55  Probe  
  33  3:57  Photon Cannon  
  34  4:08  Probe  
  34  4:09  Void Ray  
  39  4:20  Probe  
  40  4:32  Probe  
  41  4:44  Probe (Chrono Boost)  
  42  4:52  Photon Cannon  
  43  4:53  Probe (Chrono Boost)  
  43  4:54  Photon Cannon  
  43  4:55  Shield Battery  
  43  4:56  Void Ray (Chrono Boost)  
  43  4:58  Probe (Chrono Boost)  
  43  5:01  Pylon  
  48  5:10  Probe  
  48  5:11  Stargate  
  49  5:14  Photon Cannon  
  49  5:18  Stargate  
  49  5:22  Probe (Chrono Boost), Pylon  
  51  5:33  Probe (Chrono Boost)  
  51  5:34  Probe (Chrono Boost)  
  52  5:38  Probe (Chrono Boost)  
  53  5:49  Probe  
  54  5:58  Photon Cannon  
  54  5:59  Protoss Air Weapons Level 1  
  54  6:01  Probe  
  54  6:02  Photon Cannon  
  55  6:07  Photon Cannon  
  55  6:13  Probe  
  55  6:14  Void Ray  
  56  6:24  Nexus  
  56  6:25  Probe  
  61  6:37  Probe, Shield Battery  
  62  6:51  Probe  
  63  6:56  Pylon  
  63  6:57  Void Ray x3 (Chrono Boost)  
  63  6:59  Pylon  
  72  7:15  Robotics Facility  
  72  7:25  Fleet Beacon  
  72  7:31  Void Ray x3 (Chrono Boost)  
  72  7:41  Probe x3  
  87  7:54  Assimilator  
  87  7:58  Assimilator  
  87  8:01  Void Ray x2  
  87  8:06  Observer  
  96  8:17  Shield Battery  
  96  8:27  Observer, Photon Cannon  
  96  8:29  Photon Cannon  
  96  8:30  Probe x3 (Chrono Boost)  
  96  8:31  Photon Cannon  
  96  8:32  Photon Cannon  
  100  8:36  Photon Cannon  
  100  8:40  Flux Vanes  
  100  8:42  Probe (Chrono Boost)  
  100  8:47  Probe (Chrono Boost)  
  100  8:48  Probe (Chrono Boost)  
  103  8:49  Probe (Chrono Boost)  
  103  8:52  Robotics Bay  
  103  8:54  Probe (Chrono Boost)  
  105  9:01  Void Ray x2  
  113  9:15  Void Ray  
  117  10:14  Pylon  
  117  10:19  Pylon  
  117  10:26  Void Ray  
  117  10:27  Pylon  
  117  10:28  Probe x3  
  114  10:29  Void Ray  
  114  10:30  Colossus (Chrono Boost), Void Ray  
  114  10:32  Pylon  
  124  10:40  Probe x3  
  123  10:49  Extended Thermal Lance  
  123  10:52  Probe x2  
  125  10:59  Cybernetics Core  
  125  11:03  Void Ray  
  125  11:04  Pylon  
  125  11:06  Void Ray  
  125  11:07  Void Ray  
  125  11:08  Stargate  
  125  11:11  Stargate, Protoss Air Weapons Level 2 (Chrono Boost)  
  129  11:12  Colossus (Chrono Boost)  
  143  11:27  Pylon  
  143  11:40  Void Ray  
  143  11:43  Void Ray  
  143  11:45  Protoss Ground Weapons Level 1 (Chrono Boost), Protoss Air Armor Level 1 (Chrono Boost)  
  147  11:51  Void Ray  
  152  12:11  Colossus (Chrono Boost)  
  158  12:17  Void Ray  
  158  12:21  Pylon  
  158  12:26  Pylon  
  158  12:28  Pylon  
  162  12:33  Void Ray x2  
  170  12:52  Void Ray  
  170  12:53  Void Ray  
  170  12:54  Void Ray  
  182  13:10  Void Ray  
  182  13:17  Nexus  
  186  13:50  Void Ray  
  186  14:07  Void Ray x2  
  186  14:09  Void Ray  
  186  14:12  Void Ray  
  184  14:27  Void Ray  
  188  14:44  Void Ray x2  
  188  14:46  Void Ray  
  200  14:56  Void Ray  
  200  15:14  Void Ray  
  196  15:21  Void Ray  
  160  16:02  Protoss Air Armor Level 2 (Chrono Boost)  
  156  16:04  Protoss Air Weapons Level 3 (Chrono Boost)  
  144  16:13  Void Ray x3  
  144  16:14  Void Ray  
  144  16:42  Void Ray  
  144  16:50  Void Ray  
  148  16:55  Pylon  
  148  16:57  Pylon  
  148  17:00  Pylon  
  152  17:04  Pylon  
  152  17:05  Void Ray  
  152  17:06  Void Ray, Assimilator  
  152  17:08  Assimilator  
  160  17:30  Photon Cannon  
  160  17:33  Photon Cannon  
  160  17:35  Photon Cannon  
  156  17:37  Void Ray x2  
  156  17:40  Photon Cannon  
  164  17:47  Photon Cannon  
  164  17:48  Photon Cannon  
  164  17:50  Photon Cannon  
  164  17:51  Photon Cannon  
  164  17:53  Photon Cannon  
  164  17:55  Photon Cannon  
  164  17:58  Photon Cannon  
  164  18:01  Photon Cannon, Void Ray x2  
  164  18:02  Photon Cannon  
  172  18:16  Nexus  
  172  18:24  Void Ray x2  
  163  18:51  Void Ray  
  139  19:15  Void Ray  
  139  19:34  Void Ray  
  139  19:35  Void Ray  
  142  20:29  Void Ray x3  
  142  20:30  Void Ray  
  149  21:04  Void Ray  
  149  21:06  Void Ray  
  147  21:26  Nexus  
  147  21:41  Shield Battery  
  147  21:43  Shield Battery  
  147  21:46  Shield Battery  
Tags
 
Add a new tag
Caveats
  • Supply blocks, unpowered buildings, or Contaminate may cause inaccurate times.
  • Supply counts are checked every 10 seconds.